 Dungeon Crawl Stone Soup version 0.30-a0-159-g068b764562 (webtiles) character file.

Game seed: 5428012953586131386

428975 freelancePsychic the Conqueror (level 22, -11/233 HPs)
             Began as a Minotaur Hedge Wizard on Sept 27, 2022.
             Was the Champion of Trog.
             Killed from afar by a raiju (20 damage)
             ... with a living lightning
             ... on level 4 of the Abyss.
             The game lasted 01:31:14 (61082 turns).

freelancePsychic the Conqueror (MiHW)              Turns: 61082, Time: 01:31:15

Health: -11/233    AC: 27    Str: 24      XL:     22   Next: 80%
Magic:  23/33      EV: 19    Int:  7 (11) God:    Trog [******]
Gold:   2011       SH: 20    Dex: 12      Spells: 25/25 levels left

rFire   + + +      SeeInvis .    a - +4 eveningstar (spect)
rCold   + + .      Faith    .    K - +2 shield of Resistance {rF++ rC++ Will++}
rNeg    + . .      Spirit   .    D - +2 chain mail {rF+}
rPois   +          Reflect  +    c - +2 hat
rElec   .          Harm     .    Y - +0 cloak
rCorr   .          Rampage  .    x - +2 pair of gloves {infuse}
Will    +++++                    G - +0 pair of boots "Zuyly" {rPois rN+}
Stlth   ..........               I - amulet of reflection
HPRegen 1.48/turn                T - ring "Kemostei" {Will+ MP+9 EV+4}
MPRegen 0.23/turn                H - +4 ring of slaying

@: about to teleport, strong-willed, regenerating, hasted, very quick
A: horns 2, retaliatory headbutt, deterioration 1
}: 2/15 runes: decaying, serpentine
a: Renounce Religion, Berserk, Trog's Hand, Brothers in Arms


You were on level 4 of the Abyss.
You worshipped Trog.
Trog was exalted by your worship.
You visited 8 branches of the dungeon, and saw 41 of its levels.
You visited the Abyss 1 time.
You also visited: Sewer, Ice Cave and Volcano.

You collected 5783 gold pieces.
You spent 3772 gold pieces at shops.

Inventory:

Hand Weapons
 a - a +4 spectral eveningstar (weapon)
 b - a +6 spectral morningstar
 V - a +2 antimagic morningstar
Missiles
 N - 9 silver javelins
 O - 3 throwing nets
Armour
 c - a +2 hat (worn)
 x - a +2 pair of gloves of infusion (worn)
 D - a +2 chain mail of fire resistance (worn)
 G - the +0 pair of boots "Zuyly" (worn) {rPois rN+}
   (You bought it in a shop on level 4 of the Snake Pit)

   rPois:     It protects you from poison.
   rN:        It protects you from negative energy.
 K - the +2 shield of Resistance (worn) {rF++ rC++ Will++}
   (You found it on level 1 of the Snake Pit)

   rF:        It greatly protects you from fire.
   rC:        It greatly protects you from cold.
   Will:      It greatly increases your willpower.
 Y - a +0 cloak (worn)
Jewellery
 e - a +4 ring of protection
 k - the ring of Odo Uci {Fire Int+2 Slay+2}
   (You found it on level 3 of the Lair of Beasts)

   [ring of fire]

   It enhances your fire magic.
   Int:       It affects your intelligence (+2).
   Slay:      It affects your accuracy & damage with ranged weapons and melee
   (+2).
   rF:        It protects you from fire.
   rC:        It makes you vulnerable to cold.
 p - the ring "Licaub" {Fly Will- rCorr MP-9 EV+4}
   (You took it off a deep elf annihilator on level 3 of the Elven Halls)

   [ring of evasion]

   EV:        It affects your evasion (+4).
   MP:        It affects your magic capacity (-9).
   Fly:       It grants you flight.
   rCorr:     It protects you from acid and corrosion.
   Will:      It decreases your willpower.
 H - a +4 ring of slaying (right hand)
 I - an amulet of reflection (around neck)
 T - the ring "Kemostei" (left hand) {Will+ MP+9 EV+4}
   (You took it off a deep elf master archer on level 3 of the Elven Halls)

   [ring of evasion]

   EV:        It affects your evasion (+4).
   MP:        It affects your magic capacity (+9).
   Will:      It increases your willpower.
Wands
 u - a wand of charming (15)
 w - a wand of iceblast (21)
 y - a wand of mindburst (39) (quivered)
 J - a wand of flame (69)
 Q - a wand of quicksilver (19)
 S - a wand of polymorph (25)
Scrolls
 f - 8 scrolls of teleportation {@r4}
 h - 2 scrolls of poison
 l - 4 scrolls of magic mapping
 s - 4 scrolls of brand weapon
 v - 19 scrolls of identify {@r1}
 z - 6 scrolls of butterflies
 B - 4 scrolls of silence
 E - 10 scrolls of vulnerability
 F - 5 scrolls of enchant armour
 L - 2 scrolls of immolation
 R - a scroll of fear
Potions
 d - 5 potions of magic
 g - 7 potions of might
 i - 3 potions of resistance
 j - 10 potions of curing {@q1}
 m - 2 potions of ambrosia
 o - 4 potions of haste {@q3}
 q - a potion of heal wounds {@q2}
 r - 8 potions of mutation
 t - 8 potions of flight
 M - 2 potions of berserk rage
 X - a potion of invisibility
Miscellaneous
 n - a phial of floods
 P - a phantom mirror
 U - a condenser vane
 W - a box of beasts (inert)
 Z - a tin of tremorstones (1/2)


   Skills:
 O Level 27 Fighting
 - Level 0.2 Short Blades
 - Level 16.0 Maces & Flails
 - Level 0.2 Throwing
 + Level 21.2 Armour
 + Level 18.5 Dodging
 - Level 1.5 Stealth
 - Level 16.9 Shields
 - Level 2.1 Spellcasting
 - Level 0.6 Conjurations
 - Level 0.6 Summonings
 - Level 0.6 Translocations
 * Level 16.3 Evocations


You had 25 spell levels left.
You didn't know any spells.
Your spell library contained the following spells:

 Spells                   Type           Power      Damage    Failure   Level
 Magic Dart               Conj           4%         1d3       83%         1
 Slow                     Hex            0%         N/A       88%         1
 Blink                    Tloc           2%         N/A       92%         2
 Call Imp                 Summ           1%         N/A       92%         2
 Cigotuvi's Dreadful Rot  Necr/Pois/Air  0%         N/A       96%         2
 Mephitic Cloud           Conj/Pois/Air  1%         N/A       99%         3


Dungeon Overview and Level Annotations

Branches:
Dungeon (15/15)            Temple (0/1) D:5            Lair (5/5) D:11
  Swamp (4/4) Lair:3        Snake (4/4) Lair:2        Slime (0/5) Lair:4
    Orc (2/2) D:10            Elf (3/3) Orc:2        Vaults (5/5) D:14
  Crypt (3/3) Vaults:3       Tomb (0/3) Crypt:3      Depths (0/4) D:15
  Sewer (visited)           IceCv (visited)         Volcano (visited)

Altars:
Ashenzari
Dithmenos
Gozag
Kikubaaqudgha
Nemelex Xobeh
Okawaru
Qazlal
Trog
Uskayaw
Vehumet
Wu Jian
Xom
Yredelemnul
Zin
Jiyva
Lugonu

Shops:
D:3 =   D:4 (   D:6 *   D:8 (*   D:14 !   Orc:2 *=(*[   Elf:1 ?   Elf:3 *
Snake:1 (   Snake:4 [([   Vaults:2 [   Vaults:5 =

Portals:
Abyss: D:11 Lair:5
Trove: D:13 (show slimy rune of Zot)

Annotations:
Lair:1 exclusion: 3 oklob plants
Vaults:2 Jiaf's ghost, veteran HOFi
Crypt:3 1 runed translucent door, Monkooky's ghost, adept PaWn


Innate Abilities, Weirdness & Mutations

You have a pair of horns on your head.
You reflexively headbutt those who attack you in melee.
Your body sometimes deteriorates upon taking damage.


Message History

The spatial maelstrom misses you.
The spatial maelstrom hits you but does no damage. x3
The spatial maelstrom misses you.
The tentacled monstrosity tentacle-slaps you but does no damage.
The tentacled monstrosity tentacle-slaps you.
* * * LOW HITPOINT WARNING * * *
The tentacled monstrosity closely misses you.
The tentacled monstrosity constricts you!
* * * LOW HITPOINT WARNING * * *
The shadow demon barely misses you.
You hit the shadow demon but do no damage.
You block the thrashing horror's attack.
The thrashing horror closely misses you.
The spatial maelstrom hits you!
* * * LOW HITPOINT WARNING * * *
You escape the tentacled monstrosity's grasp.
You blink.
Found two runelights.
A spatial vortex comes into view.
As you read the scroll of teleportation {@r4}, it crumbles to dust.
You feel strangely unstable.
You feel the power of the Abyss delaying your translocation! 2 spatial vortices come into view.
The spatial vortex attacks as you move away!
You block the spatial vortex's attack.
The tormentor calls on the powers of darkness!
The raiju convulses! x2; The death knight convulses!
Your body is wracked with pain!
* * * LOW HITPOINT WARNING * * *
2 spatial vortices come into view.
Found a gateway leading out of the Abyss. 2 spatial vortices come into view.
The tormentor calls on the powers of darkness!
The death knight convulses!
The raiju convulses!
Your body is wracked with pain!
* * * LOW HITPOINT WARNING * * *
A spatial vortex comes into view.
You feel yourself growing ill in the presence of the ancient zyme.
The raiju bursts into living lightning!
The living lightning hits you!!
You die...

.......).. . ..
'####'#.X#X ..... ... ..
'8.'§§..# ....v. .....
#§ #.§x#####..### #####
##∩###.........v.#######
...........v..vv...vv###
#.......⌠v2.Xv..v.v.v#
#.......h.v.v2.§.vv.v.
##.∩@....hp....vvvv.v
#....v.XXvv....v....
#.....X......#### ##
#.......v..####### #
#.......####### ##
#.⌠⌠########### ## ##.#.
## .


You could see a tentacled monstrosity (summoned), a death knight, 5 spatial
maelstroms, 4 spatial vortices, an ancient zyme, 2 thrashing horrors, 2 large
abominations, a tormentor and 2 raiju.

Vanquished Creatures
  A dread lich (Crypt:3)
  Vashnia (Snake:4)
  The ghost of Ynankepe the Conqueror, an adept HOMo of Beogh (Vaults:3)
  Jorgrun (D:12)
  2 liches
  2 deep elf blademasters (Elf:3)
  6 ancient champions
  2 deep elf master archers (Elf:3)
  A sphinx (Vaults:4)
  Frances (Elf:1)
  A thorn hunter (Swamp:4)
  5 revenants
  3 azure jellies
  A storm dragon (D:13)
  A rockslime (IceCv)
  A fenstrider witch (Swamp:3)
  7 nagarajas
  2 frost giants
  15 vault wardens
  5 deep elf sorcerers (Elf:3)
  A fire giant (Vaults:3)
  3 ghouls
  3 curse skulls
  2 deep elf elementalists (Elf:3)
  11 ironbound preservers
  2 orc warlords
  The ghost of Jobbis the Fighter, a journeyman OgWn of Vehumet (Lair:3)
  3 very ugly things (Vaults:2)
  5 quicksilver oozes (IceCv)
  3 vampire knights
  A stone giant (Vaults:2)
  An eleionoma (Swamp:3)
  Azrael (D:15)
  6 ironbound thunderhulks
  5 deep elf demonologists (Elf:3)
  7 deep elf annihilators
  A minotaur (Vaults:2)
  2 bunyips
  11 dire elephants
  2 eidola (Crypt:3)
  3 ettins
  9 deep elf death magi
  The ghost of jejorda2 the Basher, a journeyman GnBe of Trog (D:11)
  2 merfolk impalers (Vaults:2)
  3 jiangshi (Crypt:2)
  3 deep elf high priests (Elf:3)
  2 fire dragons
  Fannar (D:10)
  A shambling mangrove (Swamp:1)
  6 yaktaur captains
  2 salamander tyrants
  2 entropy weavers
  3 great orbs of eyes
  Erolcha (D:11)
  7 anacondas
  3 ice dragons (Swamp:4)
  7 hydras
  16 vault guards
  8 ironbound frosthearts
  2 Orb Guardian zombies (Crypt:2)
  A spriggan air mage (Swamp:3)
  6 boulder beetles
  2 ogre magi
  2 ghost crabs
  3 two-headed ogres
  9 centaur warriors
  An azure jelly zombie (Crypt:1)
  38 dancing weapons
  11 naga warriors
  8 alligators
  A bennu zombie (Crypt:2)
  A fenstrider witch skeleton (Crypt:1)
  A hell hog (Volcano)
  3 tengu warriors
  4 shock serpents
  16 deep elf knights
  5 vampire magi (Crypt:2)
  Urug (Lair:5)
  An orc high priest (Orc:2)
  7 naga sharpshooters
  3 soul eaters
  2 thrashing horrors (Lair:5)
  Sonja (Orc:2)
  A wretched star (Abyss:4)
  Nergalle (Orc:2)
  9 skeletal warriors
  5 goliath frogs
  3 salamander mystics
  A sea snake (shapeshifter) (Vaults:4)
  2 shadow wraiths
  7 sea snakes (Snake:4)
  A glowing orange brain (shapeshifter) (Vaults:4)
  2 orange crystal statues (IceCv)
  10 wizards
  4 spriggan druids
  7 flayed ghosts
  2 naga ritualists (Snake:4)
  10 lindwurms
  5 phantasmal warriors
  A necromancer (Crypt:1)
  28 deep trolls
  A bunyip skeleton (Crypt:2)
  5 swamp dragons
  A golden dragon skeleton (Crypt:3)
  8 bog bodies
  3 deep elf archers
  8 large abominations
  A mana viper (shapeshifter) (Vaults:5)
  A wolf spider (D:15)
  3 orc knights (Orc:2)
  26 deep elf pyromancers
  8 harpies
  20 ironbound convokers
  28 deep elf zephyrmancers
  3 manticores
  7 mana vipers
  A goliath frog zombie (Crypt:3)
  4 orc sorcerers
  2 toenail golems (D:11)
  14 salamanders
  25 ugly things
  An oklob plant (Lair:4)
  2 will-o-the-wisps
  A moth of wrath (shapeshifter) (Lair:5)
  A salamander (shapeshifter) (D:15)
  17 elephants
  Joseph (D:7)
  23 black mambas
  11 vault sentinels
  7 cyclopes
  11 naga magi
  8 guardian serpents
  A smoke demon (Lair:5)
  An alligator snapping turtle zombie (Crypt:2)
  A grey draconian zombie (Crypt:2)
  A torpor snail (Lair:5)
  2 cane toads (shapeshifter)
  Maggie (D:6)
  27 yaktaurs
  11 cane toads
  15 komodo dragons
  A kobold demonologist (D:10)
  An iron troll zombie (Crypt:1)
  A hellion (Abyss:4)
  A redback zombie (Crypt:1)
  11 rime drakes
  An efreet (Abyss:4)
  An orb spider zombie (Crypt:1)
  2 alligator snapping turtle skeletons
  An ice devil (D:11)
  7 freezing wraiths
  3 trolls (D:13)
  2 ancient zymes
  An iron troll skeleton (Crypt:3)
  3 polar bears
  2 harpy skeletons
  6 tyrant leeches
  9 hornets
  A blink frog (shapeshifter) (Lair:5)
  51 slime creatures
  A moth of wrath zombie (Crypt:1)
  21 blink frogs
  5 dream sheep (Lair:5)
  A culicivora (Vaults:4)
  7 flying skulls
  2 air elementals
  8 spriggans
  2 shadows
  A water elemental (Elf:2)
  2 ynoxinuls (Lair:5)
  7 basilisks
  12 wraiths
  10 wyverns
  8 humans (D:14)
  27 yaks
  3 vampire mosquitoes (Swamp:4)
  6 fire bats (Volcano)
  11 steam dragons
  A neqoxec (Abyss:4)
  7 swamp worm simulacra (Swamp:4)
  2 fire elementals
  3 redbacks
  A warg (Orc:2)
  Menkaure (D:7)
  25 nagas
  A spatial vortex (Abyss:4)
  13 swamp worms
  A water nymph zombie (Crypt:1)
  An acid dragon (D:11)
  13 water moccasins
  5 hell hounds
  13 hydra simulacra (Swamp:4)
  A blink frog zombie (Crypt:2)
  A faun skeleton (Crypt:3)
  9 ogres
  23 orc warriors
  A sky beast (D:7)
  4 great orb of eyes simulacra (IceCv)
  2 boggarts (Vaults:2)
  12 centaurs
  15 small abominations
  14 wolves
  A snapping turtle skeleton (Crypt:3)
  A phantom (D:4)
  5 slime creature simulacra (IceCv)
  5 kobold brigands
  6 bullfrogs
  4 gnoll sergeants
  3 scorpions
  A yaktaur skeleton (Crypt:1)
  5 glowing shapeshifter simulacra (IceCv)
  A draconian skeleton (Crypt:1)
  An earth elemental (Elf:3)
  A wight (D:9)
  A killer bee (shapeshifter) (D:11)
  A raiju zombie (Crypt:2)
  A howler monkey (D:11)
  4 electric eels
  A lava snake (Snake:1)
  4 hounds (D:5)
  13 orc priests
  A gnoll bouda (D:7)
  18 jellies
  4 iguanas
  30 orc wizards
  A deep dwarf skeleton (Crypt:3)
  14 gnolls
  14 adders
  4 river rats
  A shadow imp (D:6)
  2 swamp drake skeletons (Crypt:1)
  A swamp drake simulacrum (Swamp:4)
  5 ufetubi
  5 worms
  2 dart slugs (D:1)
  66 orcs
  7 ball pythons
  4 endoplasms
  3 giant cockroaches
  5 goblins
  10 hobgoblins
  5 jackals
  16 kobolds
  5 quokkas
  6 bats
  2 frilled lizards
  A gnoll zombie (Crypt:3)
  A jackal skeleton (Crypt:1)
  12 rats
1462 creatures vanquished.

Vanquished Creatures (collateral kills)
  A deep elf master archer (Vaults:2)
  2 stone giants
  An orc warrior (Orc:2)
  An orc wizard (Orc:2)
  3 orcs (Orc:2)
8 creatures vanquished.

Vanquished Creatures (others)
  A deep elf knight (Elf:2)
  A wizard (Vaults:1)
  2 bloated husks (Swamp:2)
  A tyrant leech (Swamp:4)
  2 humans (D:14)
  A naga (Snake:4)
  A water moccasin (Lair:2)
  2 swamp worms (Swamp:4)
  A boggart (Vaults:2)
  A centaur (D:12)
  An orc (Orc:2)
  11 foxfires
  12 fungi
  53 plants
90 creatures vanquished.

Grand Total: 1560 creatures vanquished

Notes
Turn   | Place    | Note
-------+----------+-------------------------------------------
     0 | D:1      | freelancePsychic the Minotaur Hedge Wizard began the quest
                  | for the Orb.
     0 | D:1      | Reached XP level 1. HP: 14/14 MP: 2/2
    93 | D:1      | Reached skill level 1 in Fighting
   105 | D:1      | Reached skill level 2 in Fighting
   392 | D:1      | Reached XP level 2. HP: 24/24 MP: 4/4
   591 | D:1      | Found a faded altar of an unknown god.
   609 | D:1      | Prayed at the altar of an unknown god.
   609 | D:1      | Became a worshipper of Trog the Wrathful
   609 | D:1      | Reached * piety under Trog
   689 | D:1      | Reached skill level 3 in Fighting
   762 | D:1      | Reached XP level 3. HP: 31/31 MP: 5/5
  1180 | D:2      | Found the +4 Cigotuvi's embrace {rMiasma Drain rN+}
  1209 | D:2      | Found an ancient bone altar of Kikubaaqudgha.
  1225 | D:2      | Reached skill level 1 in Armour
  1583 | D:2      | Reached ** piety under Trog
  1897 | D:2      | Reached XP level 4. HP: 40/40 MP: 6/6
  2079 | D:3      | Noticed a water moccasin
  2087 | D:3      | Killed a water moccasin
  2088 | D:3      | Reached skill level 4 in Fighting
  2088 | D:3      | Reached XP level 5. HP: 47/47 MP: 7/7
  2214 | D:3      | Reached skill level 5 in Fighting
  2268 | D:3      | Found a broken altar of Ashenzari.
  2359 | D:3      | Found a sparkling altar of Nemelex Xobeh.
  2430 | D:3      | Identified the +0 leather armour of Dim Light {Dex+4}
  2685 | D:3      | Found Mane's Jewellery Emporium.
  2762 | D:4      | Found a basalt altar of Yredelemnul.
  2764 | D:4      | Found an opulent altar of Gozag.
  2764 | D:4      | Found a shadowy altar of Dithmenos.
  2843 | D:4      | Found an ancient bone altar of Kikubaaqudgha.
  2930 | D:4      | Found a stormy altar of Qazlal.
  2972 | D:4      | Noticed a phantom
  2980 | D:4      | Killed a phantom
  2981 | D:4      | Reached XP level 6. HP: 57/57 MP: 8/8
  3067 | D:4      | Reached skill level 6 in Fighting
  3371 | D:4      | Found Oloorhuph's Antique Weapon Shop.
  3495 | D:5      | Entered Level 5 of the Dungeon
  3552 | D:5      | Found a glowing drain.
  3574 | Sewer    | Entered a sewer
  3697 | Sewer    | Reached *** piety under Trog
  3714 | Sewer    | Reached XP level 7. HP: 64/64 MP: 9/9
  3731 | Sewer    | Found a white marble altar of Elyvilon.
  3853 | D:5      | Found an ornate altar of the Wu Jian Council.
  3973 | D:5      | Found a staircase to the Ecumenical Temple.
  3996 | D:5      | Reached skill level 7 in Fighting
  3996 | D:5      | Reached skill level 5 in Dodging
  4269 | D:5      | Found a radiant altar of Vehumet.
  4604 | D:4      | Bought a bloodstained battleaxe for 287 gold pieces
  4604 | D:4      | Identified the +4 battleaxe of Blood-Lust {antimagic, rPois
                  | rF+ Str+2 Stlth-} (You bought it in a shop on level 4 of
                  | the Dungeon)
  4678 | D:6      | Noticed a steam dragon
  4690 | D:6      | Killed a steam dragon
  4704 | D:6      | Reached skill level 8 in Fighting
  4909 | D:6      | Reached XP level 8. HP: 74/74 MP: 10/10
  5215 | D:6      | Reached skill level 1 in Evocations
  5366 | D:6      | Reached skill level 1 in Maces & Flails
  5549 | D:6      | Found Zin's Purification Station.
  5549 | D:6      | Found a glowing silver altar of Zin.
  5550 | D:6      | Noticed Maggie
  5570 | D:6      | Killed Maggie
  5571 | D:6      | Reached skill level 9 in Fighting
  6807 | D:7      | Noticed Menkaure
  6816 | D:7      | Killed Menkaure
  6817 | D:7      | Reached XP level 9. HP: 65/84 MP: 11/11
  7092 | D:7      | Noticed Joseph
  7106 | D:7      | Killed Joseph
  7107 | D:7      | Reached skill level 10 in Fighting
  7107 | D:7      | Reached skill level 5 in Maces & Flails
  7107 | D:7      | Reached skill level 5 in Shields
  7472 | D:7      | Found a bloodstained altar of Trog.
  7740 | D:8      | Found Loss's Mass Market.
  7746 | D:8      | Bought a +0 tower shield for 54 gold pieces
  7852 | D:8      | Found Hiur Disagi's Weapon Boutique.
  8734 | D:9      | Reached XP level 10. HP: 94/94 MP: 12/12
  8890 | D:9      | Reached skill level 11 in Fighting
  8946 | D:9      | Noticed a two-headed ogre
  8972 | D:9      | Killed a two-headed ogre
  9205 | D:9      | Reached **** piety under Trog
  9384 | D:9      | Noticed a two-headed ogre
  9393 | D:9      | Killed a two-headed ogre
  9394 | D:9      | Reached skill level 10 in Maces & Flails
  9454 | D:9      | Reached skill level 10 in Shields
  9457 | D:9      | Reached XP level 11. HP: 79/104 MP: 13/13
  9617 | D:9      | Noticed a boulder beetle
  9634 | D:9      | Killed a boulder beetle
  9778 | D:10     | Entered Level 10 of the Dungeon
  9811 | D:10     | Found a staircase to the Orcish Mines.
  9928 | D:10     | Noticed a tengu warrior
  9936 | D:10     | Killed a tengu warrior
  9937 | D:10     | Reached skill level 12 in Fighting
  9944 | D:10     | Noticed a tengu warrior
  9951 | D:10     | Killed a tengu warrior
 10051 | D:10     | Found an iron altar of Okawaru.
 10363 | D:10     | Noticed Fannar
 10374 | D:10     | Killed Fannar
 10633 | D:11     | Noticed Erolcha
 10633 | D:11     | Noticed a cyan ugly thing
 10646 | D:11     | Noticed a two-headed ogre
 10926 | D:11     | Noticed a boulder beetle
 10947 | D:11     | Killed a boulder beetle
 11032 | D:11     | Killed Erolcha
 11039 | D:11     | Killed a cyan ugly thing
 11065 | D:11     | Noticed a large abomination
 11081 | D:11     | Killed a two-headed ogre
 11117 | D:11     | Found a transporter.
 11128 | D:11     | Found a transporter.
 11150 | D:11     | Noticed jejorda2's ghost (journeyman GnBe)
 11152 | D:11     | Found a one-way gate to the infinite horrors of the Abyss.
 11617 | D:11     | Reached XP level 12. HP: 111/113 MP: 14/14
 11705 | D:11     | Found a staircase to the Lair.
 11963 | D:12     | Noticed a centaur warrior
 11973 | D:12     | Killed a centaur warrior
 11980 | D:12     | Reached skill level 13 in Fighting
 12349 | Lair:1   | Entered Level 1 of the Lair of Beasts
 14236 | Lair:2   | Found a staircase to the Snake Pit.
 14585 | Lair:2   | Identified the +0 helmet of Qazlal, Imbibing {Harm +Inv rF-
                  | Str-5}
 15058 | Lair:3   | Reached skill level 14 in Fighting
 15401 | Lair:3   | Reached skill level 15 in Maces & Flails
 15511 | Lair:3   | Reached XP level 13. HP: 124/124 MP: 15/15
 15609 | Lair:3   | Identified the +5 spear of Death {speed, rF+ Dex+2}
 15627 | Lair:3   | Found a staircase to the Swamp.
 15841 | Lair:3   | Found a runed translucent door.
 15841 | Lair:3   | Noticed Jobbis's ghost (journeyman OgWn)
 16194 | Lair:3   | Killed Jobbis's ghost
 16196 | Lair:3   | Identified the ring of Odo Uci {Fire Int+2 Slay+2}
 16448 | Lair:4   | Found a dark tunnel.
 16457 | Volcano  | Entered a volcano
 16504 | Volcano  | Noticed a fire dragon
 16518 | Volcano  | Killed a fire dragon
 16644 | Volcano  | Reached skill level 5 in Armour
 16654 | Volcano  | Identified the +0 chain mail of Tuplar {rPois Will- Int+5}
 16850 | Lair:4   | Found a staircase to the Slime Pits.
 16850 | Lair:4   | Found a viscous altar of Jiyva.
 16898 | Lair:4   | Reached ***** piety under Trog
 17242 | Lair:4   | Received a gift from Trog
 17260 | Lair:4   | Noticed a fire dragon
 17280 | Lair:4   | Killed a fire dragon
 17281 | Lair:4   | Reached skill level 15 in Fighting
 18131 | Lair:4   | Reached skill level 15 in Shields
 18131 | Lair:4   | Reached XP level 14. HP: 136/136 MP: 16/16
 18132 | Lair:4   | Reached skill level 5 in Evocations
 18132 | Lair:4   | Reached XP level 15. HP: 143/143 MP: 17/17
 18280 | D:11     | Identified the +0 plate armour of Darkness {rElec Int-4
                  | Stlth+}
 18304 | D:11     | Killed jejorda2's ghost
 18682 | Lair:5   | Entered Level 5 of the Lair of Beasts
 18793 | Lair:5   | Found a hide-covered altar of Uskayaw.
 18884 | Lair:5   | Reached skill level 16 in Fighting
 18915 | Lair:5   | Noticed Urug
 18922 | Lair:5   | Killed Urug
 19420 | Lair:5   | Reached XP level 16. HP: 139/152 MP: 18/18
 19850 | Lair:5   | Reached skill level 10 in Armour
 20255 | Lair:5   | Found a corrupted altar of Lugonu.
 20260 | Lair:5   | Identified the +0 pair of gloves of Negligence {Dex+2}
 20478 | Orc:1    | Entered Level 1 of the Orcish Mines
 20871 | Orc:2    | Entered Level 2 of the Orcish Mines
 20871 | Orc:2    | Noticed Sonja
 20871 | Orc:2    | Found Livaosu's Assorted Antiques.
 20909 | Orc:2    | Found a staircase to the Elven Halls.
 20945 | Orc:2    | Killed Sonja
 20945 | Orc:2    | Received a gift from Trog
 21180 | Orc:2    | Reached skill level 17 in Fighting
 21564 | Orc:2    | Noticed Nergalle
 21590 | Orc:2    | Killed Nergalle
 21608 | Orc:2    | Paralysed by an orc sorcerer for 4 turns
 21636 | Orc:2    | Found Usujuoto's Jewellery Shoppe.
 21916 | Orc:2    | Found Ucaet's General Store.
 21930 | Orc:2    | Found Guget's Antique Armour Shoppe.
 21952 | Orc:2    | Found Tixkin's Antique Weapon Shoppe.
 21958 | Orc:2    | Bought a masterwork broad axe for 207 gold pieces
 21958 | Orc:2    | Identified the +1 broad axe of Xom's Delight {vorpal, rElec
                  | Dex+3} (You bought it in a shop on level 2 of the Orcish
                  | Mines)
 21960 | Orc:2    | Bought a runed morningstar for 161 gold pieces
 22068 | Orc:2    | Bought a potion of heal wounds for 65 gold pieces
 22068 | Orc:2    | Bought a potion of invisibility for 104 gold pieces
 22068 | Orc:2    | Bought a scroll of enchant weapon for 97 gold pieces
 22068 | Orc:2    | Bought a scroll of summoning for 123 gold pieces
 22068 | Orc:2    | Bought a phial of floods for 520 gold pieces
 22089 | Orc:2    | Bought a pair of runed gloves for 172 gold pieces
 22802 | D:12     | Noticed Jorgrun
 22810 | D:12     | Killed Jorgrun
 23130 | D:12     | Received a gift from Trog
 23736 | D:13     | Found a portal to a secret trove of treasure.
 24006 | D:13     | Found a runed translucent door.
 24101 | D:13     | Noticed a storm dragon
 24233 | D:13     | Reached XP level 17. HP: 134/161 MP: 16/19
 24585 | D:13     | Identified the +1 pair of boots of Putsuir {rF- rC+ Str+3}
 24863 | D:14     | Found Tusch's Distillery.
 25009 | D:14     | Bought a potion of resistance for 100 gold pieces
 25009 | D:14     | Bought a potion of haste for 100 gold pieces
 25142 | D:14     | Found a gate to the Vaults.
 25163 | D:14     | Identified the +7 arbalest of Contradiction {vorpal, Dex+4}
 25934 | D:15     | Entered Level 15 of the Dungeon
 25999 | D:15     | Noticed Azrael
 26003 | D:15     | Killed Azrael
 26321 | D:15     | Reached skill level 10 in Dodging
 26638 | D:15     | Found a bloodstained altar of Trog.
 26672 | D:15     | Found a staircase to the Depths.
 26834 | D:15     | Reached ****** piety under Trog
 27420 | Orc:2    | Bought a ring of poison resistance for 220 gold pieces
 27469 | Elf:1    | Entered Level 1 of the Elven Halls
 27609 | Elf:1    | Received a gift from Trog
 27781 | Elf:1    | Reached XP level 18. HP: 158/170 MP: 20/20
 28164 | Elf:1    | Noticed Frances
 28177 | Elf:1    | Killed Frances
 28641 | Elf:1    | Found Aptilopu's Magic Scroll Emporium.
 28650 | Elf:1    | Bought a scroll of teleportation for 42 gold pieces
 28650 | Elf:1    | Bought a scroll of teleportation for 42 gold pieces
 29423 | Elf:2    | Found a crumbling gateway.
 29439 | Elf:2    | Paralysed by an air elemental for 1 turns
 29475 | Elf:2    | Received a gift from Trog
 29531 | Elf:2    | HP: 8/170 [+0 mace of protection (13)]
 29560 | Elf:2    | Found a frozen archway.
 29567 | IceCv    | Entered an ice cave
 29575 | IceCv    | Reached skill level 10 in Evocations
 30107 | IceCv    | Reached skill level 15 in Armour
 30402 | IceCv    | Found a viscous altar of Jiyva.
 30550 | IceCv    | Identified the amulet of Bouquc {Faith rElec rC+ rN++
                  | Str-5}
 30552 | IceCv    | Identified the +1 ice dragon scales of Dorruto {rF- rC++
                  | Stlth+}
 31446 | Elf:2    | Found a huge runed translucent gate.
 31446 | Elf:2    | Found a huge runed translucent gate.
 31446 | Elf:2    | Found a huge runed translucent gate.
 31446 | Elf:2    | Found a huge runed translucent gate.
 31447 | Elf:2    | Found a huge runed translucent gate.
 31762 | Elf:2    | Received a gift from Trog
 32064 | Elf:2    | HP: 3/170 [something (16)]
 33257 | Snake:1  | Entered Level 1 of the Snake Pit
 33670 | Snake:1  | Found the +2 shield of Resistance {rF++ rC++ Will++}
 33779 | Snake:1  | Found Ogiycreso's Antique Weapon Emporium.
 33786 | Snake:1  | Bought a brightly glowing morningstar for 351 gold pieces
 33786 | Snake:1  | Identified the +6 morningstar "Kigutt" {venom, Stlth+} (You
                  | bought it in a shop on level 1 of the Snake Pit)
 34421 | Snake:2  | Reached XP level 19. HP: 168/177 MP: 16/21
 34781 | Snake:2  | Received a gift from Trog
 35286 | Snake:2  | Identified the +5 dagger "Xehaov" {speed, rN+}
 36218 | Snake:3  | Reached skill level 18 in Fighting
 36672 | Snake:4  | Entered Level 4 of the Snake Pit
 37557 | Snake:4  | Found Epsang's Armour Emporium.
 37561 | Snake:4  | Found Uhaugg's Antique Weapon Shoppe.
 37562 | Snake:4  | Found Diokhl Bita's Antique Armour Emporium.
 37755 | Snake:4  | Received a gift from Trog
 38066 | Snake:4  | Reached skill level 19 in Fighting
 38510 | Snake:4  | Noticed Vashnia
 38522 | Snake:4  | Killed Vashnia
 38803 | Snake:4  | Reached skill level 15 in Dodging
 39286 | Snake:4  | Got a serpentine rune of Zot
 39497 | Swamp:1  | Entered Level 1 of the Swamp
 39512 | Swamp:1  | Received a gift from Trog
 40442 | Swamp:2  | Reached skill level 20 in Fighting
 41857 | Snake:4  | Bought a glowing eveningstar for 738 gold pieces
 42533 | Swamp:3  | Reached XP level 20. HP: 186/195 MP: 19/22
 42726 | Swamp:4  | Entered Level 4 of the Swamp
 42788 | Swamp:4  | Received a gift from Trog
 43609 | Swamp:4  | Reached skill level 21 in Fighting
 43760 | Swamp:4  | Got a decaying rune of Zot
 44056 | Vaults:1 | Entered Level 1 of the Vaults
 46311 | Vaults:2 | Received a gift from Trog
 46524 | Vaults:2 | Reached skill level 22 in Fighting
 47676 | Snake:4  | Bought a pair of spiked boots for 389 gold pieces
 47676 | Snake:4  | Identified the +0 pair of boots "Zuyly" {rPois rN+} (You
                  | bought it in a shop on level 4 of the Snake Pit)
 48370 | Elf:3    | Entered Level 3 of the Elven Halls
 49267 | Elf:3    | Received a gift from Trog
 49348 | Elf:3    | Found Uweubah's Overcharged Wands.
 49355 | Elf:3    | Identified the ring of Hiryo {Will+ Dex+4}
 49459 | Elf:3    | Identified the +7 falchion of Summer {vorpal, Str+4}
 49460 | Elf:3    | Identified the ring "Licaub" {Fly Will- rCorr MP-9 EV+4}
 49467 | Elf:3    | Identified the +10 great mace "Spiderslayer" {holy, Dex+4}
 49747 | Elf:3    | Reached XP level 21. HP: 188/205 MP: 17/23
 49874 | Elf:3    | Gained mutation: Your body sometimes deteriorates upon
                  | taking damage. [a neqoxec]
 50545 | Elf:3    | Identified the ring "Kemostei" {Will+ MP+9 EV+4}
 50803 | Elf:3    | Identified the +4 ring mail "Muraelec" {Rampage rElec rF-
                  | rCorr}
 50808 | Elf:3    | Identified the +7 dire flail "Ytun" {spect, Int+5 Dex-5}
 51534 | Vaults:2 | Found Zibitsar's Antique Armour Emporium.
 51725 | Vaults:2 | Reached skill level 23 in Fighting
 51761 | Vaults:2 | Found a runed translucent gate.
 51762 | Vaults:2 | Found a runed translucent gate.
 51762 | Vaults:2 | Found a runed translucent gate.
 51762 | Vaults:2 | Noticed Jiaf's ghost (veteran HOFi)
 52549 | Vaults:2 | Received a gift from Trog
 52760 | Vaults:2 | Found an iron altar of Okawaru.
 53309 | Vaults:2 | Identified the +3 pair of boots of Xeenugg {rC+ rN++ Str-3}
 53801 | Vaults:3 | Found a runed translucent door.
 53801 | Vaults:3 | Found a shimmering altar of Xom.
 53801 | Vaults:3 | Noticed Ynankepe's ghost (adept HOMo)
 54176 | Vaults:3 | Received a gift from Trog
 54237 | Vaults:3 | Reached skill level 15 in Evocations
 54728 | Vaults:3 | Found a staircase to the Crypt.
 54919 | Crypt:1  | Entered Level 1 of the Crypt
 55143 | Crypt:1  | Reached skill level 24 in Fighting
 56252 | Crypt:2  | Reached XP level 22. HP: 174/224 MP: 23/24
 56287 | Crypt:2  | Received a gift from Trog
 56541 | Crypt:2  | Reached skill level 25 in Fighting
 57038 | Crypt:3  | Entered Level 3 of the Crypt
 57088 | Crypt:3  | Reached skill level 26 in Fighting
 57340 | Crypt:3  | Found a staircase to the Tomb.
 57732 | Crypt:3  | Identified the +6 scimitar of the Fray {drain, rElec}
 57800 | Crypt:3  | Noticed a dread lich
 57808 | Crypt:3  | Killed a dread lich
 58123 | Crypt:3  | Reached skill level 27 in Fighting
 58409 | Crypt:3  | Received a gift from Trog
 58472 | Crypt:3  | Found a runed translucent door.
 58472 | Crypt:3  | Found a shimmering altar of Xom.
 58472 | Crypt:3  | Noticed Monkooky's ghost (adept PaWn)
 58586 | Crypt:3  | Noticed an ancient lich
 58586 | Crypt:3  | Noticed a dread lich
 58857 | Vaults:3 | Killed Ynankepe's ghost
 60583 | Vaults:5 | Entered Level 5 of the Vaults
 60948 | Vaults:5 | Found Gougiv's Jewellery Boutique.
 60964 | Abyss:4  | Cast into level 4 of the Abyss (vault warden)
 61077 | Abyss:4  | HP: 11/233 [spatial maelstrom (9)]
 61082 | Abyss:4  | Killed from afar by a raiju

Illustrated notes

Levels and vault maps discovered:
D:1:      eino_arrival_water_cross, layout_basic,
          hellmonk_ecumenical_altar_heavens_door, minivault_23, st_stairs_1
D:2:      mumra_celtic_spiral_tile, layout_loops_ring, basic_altar
D:3:      layout_loops_ring, nemelex_xobeh_ov_fountains_minmay,
          evilmike_ruin_ashenzari, serial_shops, nicolae_square_shop
D:4:      layout_basic, nicolae_qazlal_eye_of_the_storm,
          mainiacjoe_overflow_alcove_4,
          chequers_temple_overflow_statue_of_worship, serial_shops, shop
D:5:      layout_cave_pods, lemuel_round_altar, lemuel_doored_altar,
          minmay_temple_entry_large_hall, cheibrodos_sewer_entry_sluice,
          st_stairs_11
D:6:      layout_basic, zin_purify, hangedman_decor_growths, uniq_maggie
D:7:      layout_gridville, mainiacjoe_overflow_chevrons, serial_glass,
          glass_columns_a, glass_columns_a, uniq_joseph, uniq_menkaure
D:8:      layout_gridville, serial_shops, kennysheep_mini_moat, minmay_shop_mass
D:9:      minmay_bubble_buster, layout_rooms, fountainhead
D:10:     layout_gridville, mainiacjoe_overflow_paths, orc_0_dummy, uniq_fannar
D:11:     layout_big_octagon, erik_lair_dragon, gammafunk_ghost_abyssal_escape,
          uniq_erolcha
D:12:     layout_irregular_city, uniq_jorgrun
D:13:     layout_small_grid, nicolae_trove_entry_diagonal, minivault_13
D:14:     layout_loops_ring, ximxim_vaults_locker_room, serial_shops,
          nicolae_shop_advertising_works [nicolae_subvault_shop_adworks],
          dk_noncrumbling_4
D:15:     hangedman_depths_entry_try_elsewhere_first, layout_basic,
          trog_butcher_becter, uniq_azrael
Lair:1:   minmay_lair_oklob_tunnel, layout_regular_city, serial_bayou_pond_b,
          infiniplex_staircase_pool
Lair:2:   layout_regular_city, minmay_snake_entry_spellcaster
Lair:3:   layout_misc_corridors, swamp_mist, gammafunk_ghost_grave,
          beast_lair_carwin_5, serial_bayou_shore_b
Lair:4:   layout_long_grid, minmay_slime_entry_jelly_boxes,
          nicolae_volcano_entry_two_sided, st_stairs_7,
          bobbens_dragon_lair_wall, grunt_megastairs_1
Lair:5:   hellmonk_lair_end_abyssal_woods, layout_hall_layers, basic_altar,
          serial_bayou_shore_b, serial_bayou_shore_b, uniq_urug
Swamp:1:  layout_basic_swamp, evilmike_swamp_ruin_rubble_2
Swamp:2:  layout_basic_swamp, evilmike_swamp_ruin_rubble_1
Swamp:3:  layout_basic_swamp, evilmike_swamp_ruin_house_2
Swamp:4:  swamp_icy, layout_basic_swamp, swamp_pool2
Snake:1:  layout_basic, serial_shops, shop_fountains
Snake:2:  layout_grid_maze
Snake:3:  layout_honeycomb, serial_bayou_crossing, lemuel_fruit_tree
Snake:4:  grunt_snake_rune_serpentine_throne, layout_basic, serial_bayou_lake_a,
          minmay_shop_star
Orc:1:    layout_diamond_mine, serial_shops,
          nicolae_shop_temple_entry_statues_fountains, basic_altar
Orc:2:    grunt_orc_cross, layout_diamond_mine, serial_shops,
          nicolae_shop_crystal, mines4_lemuel, uniq_sonja
Elf:1:    layout_loops_ring, serial_shops, shop,
          hangedman_elven_crosses_minicolossus, uniq_frances
Elf:2:    elven_hall_of_blades_hangedman_alternative [nicolae_blade_lattice],
          layout_loops_cross, portal_ice_cave_entry_pillars_three,
          portal_desolation_entry_nicolae_slug, laboratory
Elf:3:    grunt_elf_hall_diamonds, layout_onion_city, corexii_checkpoint_a,
          nicolae_shop_overcharged_wands
Vaults:1: vaults_room_large_hall, nicolae_vaults_diagonal_hallway_8,
          vaults_standard_mumra_enter_the_diamond, hangedman_vaults_maws,
          ontoclasm_vaults_ligature, nicolae_vaults_circle_grid_a,
          vaults_room_door_ring, ontoclasm_vaults_loading_screen,
          nicolae_vaults_hallways_thing, vaults_room_grunt_arrival_ludios,
          vaults_room_door_hall, layout_vaults_omnigrid
Vaults:2: gammafunk_ghost_fury_of_okawaru, v_misc_28,
          nicolae_vaults_three_branches, v_misc_16, hangedman_vaults_slice,
          hangedman_vaults_snaps, v_misc_13, nicolae_vaults_shelves_hall,
          nicolae_vaults_little_squares_6, vaults_room_stairs_pillars,
          nicolae_vaults_stairing_the_circle, v_misc_29,
          nicolae_vaults_little_squares_3, nicolae_vaults_diagonal_hallway_8,
          layout_vaults_ring, serial_shops, shop
Vaults:3: ebering_ghost_xom, nicolae_vaults_circle_grid_a,
          ontoclasm_vaults_hangar, hangedman_vaults_stitches,
          hangedman_vaults_corner_blocks, v_alt_pattern_6, st_more_cells,
          v_misc_14, minmay_crypt_entry_nasty_monster, nicolae_vaults_gold_heap,
          vaults_standard_mumra_enter_the_diamond, v_misc_8,
          dpeg_vaults_monster_box, layout_vaults_maze_snakey
Vaults:4: ontoclasm_vaults_shout, vaults_mumra_minichess_inversion,
          vaults_dpeg_encased_lava, vaults_room_stairs_pillars,
          ontoclasm_vaults_twist, ontoclasm_vaults_pinch, v_misc_26,
          v_pattern_4, vaults_room_semicircle, nicolae_vaults_little_squares_1,
          vaults_mumra_chevron_long, nicolae_vaults_yaktaur_gun_rack,
          layout_vaults_omnibox
Vaults:5
Crypt:1:  layout_rooms
Crypt:2:  layout_misc_corridors
Crypt:3:  david_glass_crypt, layout_chaotic_city, ebering_ghost_xom,
          lemuel_freeze_loot_1
Abyss:4:  base: D:13, evilmike_nicolae_abyss_rune_containment_curve,
          evilmike_abyss_exit_8

Skill      XL: |  1  2  3  4  5  6  7  8  9 10 11 12 13 14 15 16 17 18 19 20 21 22 |
---------------+-------------------------------------------------------------------+-----
Fighting       | 2 3 4 5 6 8 9 10 11 12 14 15 16 17 20 22 24 27 | 27.0
Armour         | 1 3 8 9 12 13 16 18 19 20 21 | 21.2
Dodging        | 3 4 6 9 10 13 15 16 18 | 18.5
Evocations     | 1 5 7 8 11 13 15 16 | 16.3
Maces & Flails | 4 7 10 12 15 16 | 16.0
Shields        | 3 7 10 12 13 15 16 | 16.9
Short Blades   | |  0.2
Throwing       | |  0.2
Stealth        | |  1.5
Spellcasting   | |  2.1
Conjurations   | |  0.6
Summonings     | |  0.6
Translocations | |  0.6

Action                   |  1- 3 |  4- 6 |  7- 9 | 10-12 | 13-15 | 16-18 | 19-21 | 22-24 || total
-------------------------+-------+-------+-------+-------+-------+-------+-------+-------++-------
Melee: Dagger            |   110 |   138 |   101 |       |       |       |       |       ||   349
       Headbutt          |    12 |    22 |    51 |   160 |   106 |   256 |   435 |   150 ||  1192
       Punch             |       |     1 |       |       |       |       |       |       ||     1
       Morningstar       |       |       |    72 |   394 |   397 |  1029 |   484 |       ||  2376
       Whip              |       |       |    88 |   211 |       |       |       |       ||   299
       Eveningstar       |       |       |       |       |       |       |   977 |   405 ||  1382
Invok: Berserk           |       |     2 |    11 |     5 |     3 |     3 |       |       ||    24
       Trog's Hand       |       |       |     4 |     7 |     1 |    15 |     6 |     4 ||    37
       Brothers in Arms  |       |       |       |       |       |       |       |     1 ||     1
Evoke: Wand              |       |       |       |     7 |     1 |    16 |    21 |    10 ||    55
       Phantom mirror    |       |       |       |     1 |     1 |     2 |     1 |       ||     5
       Phial of floods   |       |       |       |       |       |     2 |     2 |       ||     4
       Tin of tremorston |       |       |       |       |       |       |     6 |     2 ||     8
       Condenser vane    |       |       |       |       |       |       |     4 |     1 ||     5
       Box of beasts     |       |       |       |       |       |       |     1 |     1 ||     2
  Use: Scroll            |     3 |     4 |     4 |    13 |     3 |    12 |    15 |     7 ||    61
       Potion            |       |       |     1 |       |     3 |    22 |     8 |    16 ||    50
 Stab: Sleeping          |     2 |     3 |     2 |       |       |       |       |       ||     7
       Distracted        |     1 |       |       |       |       |     8 |    14 |     8 ||    31
       Invisible         |       |       |       |       |       |     2 |       |       ||     2
Armor: Robe              |    10 |       |       |       |       |       |       |       ||    10
       Scale mail        |     7 |       |       |       |       |       |       |       ||     7
       Leather armour    |     9 |    38 |    89 |   197 |   130 |   138 |       |       ||   601
       Chain mail        |       |       |       |       |       |   182 |   487 |   105 ||   774
Dodge: Dodged            |    44 |    79 |   121 |   164 |    95 |   211 |   466 |   157 ||  1337
Block: Kite shield       |       |       |    55 |       |       |    49 |  1219 |   357 ||  1680
       Tower shield      |       |       |    75 |   660 |   452 |   861 |       |       ||  2048
       Reflection        |       |       |     1 |    17 |     5 |    58 |    81 |    38 ||   200

Table legend: (Time is in decaauts)
 A = Elapsed time spent in this place.
 B = Non-inter-level travel time spent in this place.
 C = Inter-level travel time spent in this place.
 D = Time resting spent in this place.
 E = Time spent auto-exploring this place.
 F = Levels seen in this place.
 G = Mean time per level.
                   A        B        C        D        E       F      G
               +--------+--------+--------+--------+--------+-----+--------+
         Total |  60956 |  56258 |   4698 |   4493 |  42952 |  45 | 1354.6 |
       Dungeon |  18683 |  16826 |   1857 |   1923 |  12454 |  15 | 1245.5 |
          Lair |   7539 |   6798 |    741 |    547 |   5026 |   5 | 1507.8 |
         Swamp |   3672 |   3476 |    196 |    154 |   2733 |   4 |  918.0 |
     Snake Pit |   6694 |   5913 |    781 |    306 |   4862 |   4 | 1673.5 |
  Orcish Mines |   2154 |   1681 |    473 |    273 |    988 |   2 | 1077.0 |
   Elven Halls |   7571 |   7283 |    288 |    548 |   5588 |   3 | 2523.7 |
        Vaults |   9096 |   8837 |    259 |    450 |   7325 |   5 | 1819.2 |
         Crypt |   3785 |   3684 |    101 |    214 |   2828 |   3 | 1261.7 |
         Abyss |    103 |    103 |      0 |      4 |     13 |   1 |  103.0 |
         Sewer |    204 |    204 |      0 |      0 |    155 |   1 |  204.0 |
      Ice Cave |   1073 |   1073 |      0 |     73 |    686 |   1 | 1073.0 |
       Volcano |    377 |    377 |      0 |      0 |    290 |   1 |  377.0 |
               +--------+--------+--------+--------+--------+-----+--------+

Top non-repeatable levels by time:
   Elf:2: 3458 daAuts
Vaults:2: 3112 daAuts
 Snake:4: 2785 daAuts
    D:11: 2394 daAuts
Vaults:1: 2274 daAuts
   Elf:1: 2060 daAuts
   Elf:3: 2052 daAuts
Vaults:3: 1826 daAuts
Vaults:4: 1824 daAuts
     D:6: 1737 daAuts
  Lair:5: 1656 daAuts
  Lair:2: 1620 daAuts
   Orc:2: 1566 daAuts
 Snake:3: 1556 daAuts
 Crypt:3: 1510 daAuts
